 Dungeon Crawl Stone Soup version 0.25-a0-547-g27a0b5d1ef (webtiles) character file.

Game seed: 8758535020421105127, levelgen mode: deterministic

65 Emblim88 the Skirmisher (level 4, 0/49 HPs)
             Began as an Ogre Berserker on Feb 22, 2020.
             Was a Believer of Trog.
             Slain by a sky beast (2 damage)
             ... on level 3 of the Dungeon.
             The game lasted 00:01:49 (1767 turns).

Emblim88 the Skirmisher (Ogre Berserker)            Turns: 1767, Time: 00:01:49

Health: 0/49       AC:  3    Str: 22    XL:     4   Next: 13%
Magic:  4/4        EV: 10    Int:  8    God:    Trog [**....]
Gold:   126        SH:  0    Dex:  8    Spells: 3/3 levels left

rFire    . . .     SeeInvis .   a - +0 hand axe
rCold    . . .     Gourm    .   (no shield)
rNeg     . . .     Faith    .   b - +0 animal skin
rPois    .         Spirit   .   (helmet restricted)
rElec    .         Reflect  .   (no cloak)
rCorr    .         Harm     .   (gloves unavailable)
MR       .....                  (boots unavailable)
Stlth    +.........             (no amulet)
HPRegen  0.16/turn              (no ring)
MPRegen  0.09/turn              (no ring)

@: no status effects
A: large, unfitting armour, tough skin 1
a: Berserk, Trog's Hand, Renounce Religion


You were on level 3 of the Dungeon.
You worshipped Trog.
Trog was pleased with you.
You were not hungry.

You visited 1 branch of the dungeon, and saw 3 of its levels.

You collected 126 gold pieces.

Inventory:

Hand Weapons
 a - a +0 hand axe (weapon)
Missiles
 e - 39 stones (quivered)
Armour
 b - a +0 animal skin (worn)
Scrolls
 d - 2 scrolls of fear {unknown}
 f - 4 scrolls of remove curse {unknown}
 g - 2 scrolls of teleportation {unknown}
 h - a scroll of enchant weapon {unknown}
 i - a scroll of blinking {unknown}
 m - a scroll of identify {unknown}
Potions
 j - 4 potions of curing {unknown}
 k - 2 potions of degeneration {unknown}
Comestibles
 c - 3 rations
 l - a chunk of flesh


   Skills:
 + Level 4.7 Fighting
 + Level 3.5 Axes
 + Level 1.5 Throwing
 + Level 3.2 Dodging


You had 3 spell levels left.
You didn't know any spells.
Your spell library was empty.

Dungeon Overview and Level Annotations

Branches:
Dungeon (3/15)

Altars:
Ashenzari
Sif Muna


Innate Abilities, Weirdness & Mutations

You are too large for most types of armour.
You have tough skin. (AC +1)


Message History

You hit the leopard gecko.
You kill the leopard gecko!
Trog accepts your kill. The sky beast hits you. The sky beast shocks you.
You hit the sky beast.
The sky beast is heavily wounded.
The sky beast hits you. The sky beast shocks you.
You closely miss the sky beast.
The sky beast is heavily wounded.
The sky beast flickers out of sight!
Deactivating autopickup; reactivate with Ctrl-A.
Something hits you. Something shocks you.
You closely miss something. Something hits you. Something shocks you.
* * * LOW HITPOINT WARNING * * *
You miss something. Something hits you.
* * * LOW HITPOINT WARNING * * *
Something shocks you.
* * * LOW HITPOINT WARNING * * *
Something hits you.
You die...

.#.#.....
.......# #
.......#.#
........ ......#
#.... #{†#
#@.##.###.
#..##....#
#####..##..#.#
#..........#.# .
#.####..##.#.# .
#..##.#.########.
#..............#
##.............##
#.............##


There were no monsters in sight!

Vanquished Creatures
  2 adders (D:2)
  A dart slug (D:1)
  3 leopard geckos
  An orc (D:3)
  2 giant cockroaches
  2 goblins (D:3)
  5 hobgoblins
  3 jackals
  4 kobolds
  2 ball pythons
  5 bats
  9 frilled lizards
  3 rats (D:2)
42 creatures vanquished.

Notes
Turn   | Place    | Note
-------+----------+-------------------------------------------
     0 | D:1      | Emblim88 the Ogre Berserker began the quest for the Orb.
     0 | D:1      | Reached XP level 1. HP: 24/24 MP: 1/1
   164 | D:1      | Reached XP level 2. HP: 32/32 MP: 2/2
   486 | D:1      | Reached skill level 1 in Throwing
   609 | D:2      | Found a shattered altar of Ashenzari.
   761 | D:2      | Reached XP level 3. HP: 40/40 MP: 3/3
  1061 | D:2      | You fall into a shaft and drop 1 floor!
  1097 | D:2      | Reached ** piety under Trog
  1259 | D:2      | Found a shimmering blue altar of Sif Muna.
  1631 | D:3      | Reached XP level 4. HP: 39/49 MP: 4/4
  1752 | D:3      | Noticed a sky beast
  1767 | D:3      | HP: 2/49 [something (6)]
  1767 | D:3      | Slain by a sky beast

Levels and vault maps discovered:
D:1:      dpeg_arrival_rooms_c, layout_rooms
D:2:      layout_basic, evilmike_ruin_ashenzari, lemuel_blue_sif_altar,
          first_ration
D:3:      layout_basic

Skill      XL: |  1  2 |
---------------+-------+-----
Throwing       | 1 |  1.5
Dodging        | 3 |  3.2
Fighting       | |  4.7
Axes           | |  3.5

Action                   |  1- 3 |  4- 6 || total
-------------------------+-------+-------++-------
Melee: Hand axe          |   102 |    24 ||   126
  Eat: Chunk             |     1 |     2 ||     3
Armor: Animal skin       |    37 |     8 ||    45
Dodge: Dodged            |    74 |    16 ||    90

Table legend:
 A = Non-vault XP
 B = Vault XP
 C = Vault XP percentage of total XP
 D = Non-vault monster count
 E = Vault monster count
 F = Vault count percentage of total count
                 A         B        C        D         E       F
            +---------+---------+-------+---------+---------+-------
      Total |      93 |       0 |   0.0 |      42 |       0 |   0.0
            +---------+---------+-------+---------+---------+-------
        D:1 |      31 |       0 |   0.0 |      19 |       0 |   0.0
        D:2 |      37 |       0 |   0.0 |      10 |       0 |   0.0
        D:3 |      25 |       0 |   0.0 |      13 |       0 |   0.0
            +---------+---------+-------+---------+---------+-------
